 Dungeon Crawl Stone Soup version 0.31-a0-221-gbddc013574 (webtiles) character file.

Game seed: 4214357094758775184

10245 gelatine the Cleaver (level 11, -9/82 (84) HPs)
             Began as a Demonspawn Hunter on July 5, 2023.
             Was a Believer of Jiyva.
             Mangled by a spectral titan (15 damage)
             ... called from beyond by a revenant
             ... on level 3 of the Abyss.
             The game lasted 00:30:18 (9978 turns).

gelatine the Cleaver (Demonspawn Hunter)            Turns: 9978, Time: 00:30:19

HP:   -9/82 (84)    AC: 18    Str:  9      XL:     11   Next: 33%
MP:   8/8           EV: 19    Int:  5 (7)  God:    Jiyva [**....]
Gold: 571           SH: 13    Dex: 19 (20) Spells: 10/10 levels left

rFire   . . .        J - +5 broad axe (venom)
rCold   x x .        m - +2 kite shield
rNeg    + . .        j - +3 ring mail
rPois   .            B - +1 helmet
rElec   .            (no cloak)
rCorr   +            (no gloves)
SInv    .            x - +2 pair of boots
Will    .....        N - amulet of magic regeneration Stlth
                     n - +5 ring of evasion
HPRegen 1.29/turn    L - ring "Qasoq" {rN+ AC+4 Dex+5}
MPRegen 0.81/turn

%: random rage (9%)
@: berserking (expiring), lightly drained, very quick
A: repulsion field 2, spiny 2, [berserk 2], [clumsy 2], [deterioration 2],
[dopey 2], [frail 3], [low MP 2], [weak 2], [cold vulnerability 2]
a: Renounce Religion


You were on level 3 of the Abyss.
You worshipped Jiyva.
Jiyva was pleased with you.
You visited 3 branches of the dungeon, and saw 12 of its levels.
You visited the Abyss 1 time.
You also visited: Ossuary and Bailey.

You collected 673 gold pieces.
You spent 102 gold pieces at shops.

Inventory:

Hand Weapons
 a - a +0 shortbow of flaming
 t - the +7 hand axe of a Gauntlet {heavy, Str+5 Dex+8}
   (You found it on level 2 of the Dungeon)

   Str:       It affects your strength (+5).
   Dex:       It affects your dexterity (+8).
 J - a +5 broad axe of venom (weapon)
 P - a +0 dagger
Missiles
 H - 27 boomerangs (quivered)
Armour
 j - a +3 ring mail (worn)
 m - a +2 kite shield (worn)
 x - a +2 pair of boots (worn)
 z - a +3 scale mail
 B - a +1 helmet (worn)
 R - +0 acid dragon scales
Jewellery
 f - a +5 ring of evasion
 l - a ring of fire
 n - a +5 ring of evasion (left hand)
 L - the ring "Qasoq" (right hand) {rN+ AC+4 Dex+5}
   (You found it in a bailey)

   [ring of protection]

   AC:        It affects your AC (+4).
   Dex:       It affects your dexterity (+5).
   rN:        It protects you from negative energy.
 N - an amulet of magic regeneration (around neck)
Wands
 y - a wand of flame (56)
 G - a wand of paralysis (7)
 O - a wand of iceblast (5)
Scrolls
 b - a scroll of butterflies
 c - a scroll of poison {unknown}
 e - a scroll of teleportation
 g - 2 scrolls of revelation
 h - 3 scrolls of amnesia
 o - 2 scrolls of immolation {unknown}
 p - a scroll of torment {unknown}
 q - a scroll of enchant armour
 A - 2 scrolls of fear
 C - a scroll of enchant weapon {unknown}
 E - a scroll of vulnerability {unknown}
 I - a scroll of summoning {unknown}
Potions
 d - 5 potions of attraction
 k - 6 potions of cancellation
 r - 5 potions of mutation
 s - 3 potions of brilliance
 u - 5 potions of curing
 v - a potion of haste
 w - a potion of lignification {unknown}
 D - 4 potions of enlightenment {unknown}
 F - 3 potions of magic {unknown}
 K - a potion of experience
 M - 2 potions of might
 Q - a potion of invisibility {unknown}
 S - a potion of resistance {unknown}
 T - a potion of berserk rage {unknown}


   Skills:
 * Level 6.3 Fighting
 * Level 9.2 Axes
 + Level 5.6 Ranged Weapons
 * Level 3.4 Throwing
 * Level 5.7 Armour
 * Level 5.7 Dodging
 + Level 1.6 Stealth
 * Level 6.6 Shields
 * Level 3.6 Evocations


You had 10 spell levels left.
You didn't know any spells.
Your spell library contained the following spells:

 Spells                   Type           Power      Damage    Failure   Level
 Sandblast                Erth           0%         2d4       99%         1
 Ensorcelled Hibernation  Hex/Ice        0%         N/A       100%        2
 Passwall                 Tmut/Erth      0%         N/A       100%        2
 Sublimation of Blood     Necr           0%         N/A       100%        2
 Wereblood                Tmut           0%         N/A       100%        2
 Dazzling Flash           Conj/Hex       0%         N/A       100%        3
 Portal Projectile        Hex/Tloc       0%         N/A       100%        3
 Stone Arrow              Conj/Erth      0%         3d7       100%        3
 Swiftness                Air            0%         N/A       100%        3
 Tukima's Dance           Hex            0%         N/A       100%        3
 Vhi's Electric Charge    Tloc/Air       0%         N/A       100%        3
 Agony                    Necr           0%         N/A       100%        5
 Arcjolt                  Conj/Air       0%         1d10      100%        5
 Blade Hands              Tmut           0%         N/A       100%        5
 Silence                  Hex/Air        0%         N/A       100%        5
 Summon Hydra             Summ           0%         N/A       100%        7
 Maxwell's Capacitive Co  Air            0%         ∞         100%        8


Dungeon Overview and Level Annotations

Branches:
Dungeon (9/15)             Temple (1/1) D:4            Lair (0/5) D:8
    Orc (2/2) D:9         Ossuary (visited)          Bailey (visited)
    Elf: Orc:2

Altars:
Ashenzari
Cheibriados
Dithmenos
Fedhas
Gozag
Hepliaklqana
Kikubaaqudgha
Makhleb
Nemelex Xobeh
Okawaru
Qazlal
Ru
Sif Muna
Trog
Uskayaw
Vehumet
Wu Jian
Xom
Yredelemnul
Jiyva

Shops:
Orc:2 !

Annotations:
Orc:2 Erolcha


Innate Abilities, Weirdness & Mutations

You are surrounded by a moderate repulsion field. (EV +3)
You are mostly covered in sharp spines.
[You have an uncontrollable temper.]
[You are very clumsy. (Dex -4)]
[Your body often deteriorates upon taking damage.]
[You are very dopey. (Int -4)]
[You are extremely frail. (-30% HP)]
[Your magical capacity is very low. (-20% MP)]
[You are very weak. (Str -4)]
[You are very vulnerable to cold. (rC--)]


Message History

You hit the revenant but do no damage. You block the revenant's attack. x2
You hit the revenant but do no damage. The revenant hits you.
You hit the revenant.
The revenant is lightly damaged.
The revenant conjures spectral mists around you.
The spectral mist engulfs you but does no damage.
You barely miss the revenant.
You are engulfed in spectral mist.
The revenant hits you!
Your body deteriorates!
You feel clumsy. You block the revenant's attack.
A red film seems to cover your vision as you go berserk!
You feel yourself moving faster!
You feel mighty!
You hit the revenant but do no damage.
You are engulfed in spectral mist.
Your body deteriorates!
You feel dopey. The revenant hits you!
Your body deteriorates!
You feel dopey.
You barely miss the revenant.
You are engulfed in spectral mist.
The revenant hits you!
Unknown command.
You slash the revenant!
The revenant is lightly damaged.
You are engulfed in spectral mist.
The revenant closely misses you.
You slash the revenant!
The revenant is moderately damaged.
You hit the spectral dire elephant but do no damage.
You are engulfed in spectral mist.
* * * LOW HITPOINT WARNING * * *
The spectral dire elephant closely misses you.
The spectral dire elephant trunk-slaps you.
* * * LOW HITPOINT WARNING * * *
You partially resist.
You feel drained. The revenant is struck by your spines.
The revenant hits you but does no damage.
You slash the revenant!
The revenant is heavily damaged.
You completely miss the spectral titan.
You hit the spectral dire elephant but do no damage.
You are engulfed in spectral mist.
* * * LOW HITPOINT WARNING * * *
The spectral titan hits you!
You die...

.. . .. #.. #. #.
# . .# .. #... .#
##. #..##.## ...#
......# #.#.###°#
.# . #.#..Z###....
#.°°@z.....#.
#.....###Z##......
#.. .. .#.. ...#.
#..... #. #..#..#
...#. .. ..... .
.... ... ... .
#.##.. ... #... .
.#..#. #.#


You could see a revenant, a spectral dire elephant (summoned) and a spectral
titan (summoned).

Vanquished Creatures
  An orc warlord (Bailey)
  Erica (D:8)
  3 two-headed ogres
  A wretched star (Abyss:2)
  A glowing orange brain (D:8)
  Joseph (D:8)
  Maggie (D:9)
  A troll (D:5)
  Prince Ribbit (D:5)
  3 slime creatures (D:8)
  Eustachio (D:4)
  3 wargs (D:9)
  An ice beast (D:6)
  7 orc warriors
  2 black bears (D:6)
  A sky beast (D:8)
  An ogre (D:5)
  A centaur (D:6)
  2 phantoms (D:6)
  2 kobold brigands
  6 bullfrogs
  2 gnoll sergeants (D:8)
  8 wights
  2 scorpions
  6 killer bees (D:9)
  An electric eel (D:7)
  A howler monkey (D:6)
  2 centaur zombies (Ossuary)
  A hound (D:5)
  A gnoll bouda (D:6)
  5 jellies
  6 orc priests
  2 human zombies (Ossuary)
  10 orc wizards
  A sleepcap (D:5)
  An iguana (D:5)
  7 mummies
  Robin (D:4)
  20 gnolls
  3 adders
  A white imp (D:6)
  An ufetubus (D:5)
  A worm (D:2)
  5 dart slugs
  41 orcs
  7 ball pythons
  6 bats
  5 endoplasms
  5 giant cockroaches
  2 gnoll zombies (Ossuary)
  13 goblins
  11 hobgoblins
  9 jackals (D:1)
  A quokka (D:5)
  4 frilled lizards
  2 hobgoblin zombies
  23 kobolds
  A kobold zombie (Ossuary)
  An orc zombie (D:6)
  6 rats
  A lurking horror (Abyss:2)
267 creatures vanquished.

Vanquished Creatures (others)
  4 jellies
  An orc wizard (D:5)
  3 gnolls (D:8)
  4 kobolds (D:9)
12 creatures vanquished.

Grand Total: 279 creatures vanquished

Notes
Turn   | Place    | Note
-------+----------+-------------------------------------------
     0 | D:1      | gelatine the Demonspawn Hunter began the quest for the Orb.
     0 | D:1      | Reached XP level 1. HP: 16/16 MP: 1/1
   165 | D:1      | Gained mutation: You are surrounded by a mild repulsion
                  | field. (EV +2) [demonic ancestry]
   165 | D:1      | Reached XP level 2. HP: 22/22 MP: 2/2
   320 | D:1      | Reached XP level 3. HP: 27/27 MP: 3/3
  1034 | D:2      | Found a faded altar of an unknown god.
  1118 | D:2      | Reached skill level 1 in Armour
  1241 | D:2      | Found an ancient bone altar of Kikubaaqudgha.
  1532 | D:2      | Identified the +7 hand axe of a Gauntlet {heavy, Str+5
                  | Dex+8}
  1674 | D:3      | Reached XP level 4. HP: 34/34 MP: 4/4
  2284 | D:4      | Gained mutation: You are partially covered in sharp spines.
                  | [demonic ancestry]
  2284 | D:4      | Reached XP level 5. HP: 11/39 MP: 5/5
  2442 | D:4      | Noticed Eustachio
  2462 | D:4      | Killed Eustachio
  2463 | D:4      | Reached skill level 1 in Axes
  2463 | D:4      | Reached skill level 1 in Stealth
  2463 | D:4      | Reached skill level 1 in Shields
  2463 | D:4      | Gained mutation: You are surrounded by a moderate repulsion
                  | field. (EV +3) [demonic ancestry]
  2463 | D:4      | Reached XP level 6. HP: 35/46 MP: 6/6
  2715 | D:4      | Found a staircase to the Ecumenical Temple.
  2749 | Temple   | Entered the Ecumenical Temple
  2913 | D:4      | Noticed Robin
  2920 | D:4      | Killed Robin
  2921 | D:4      | Reached skill level 2 in Axes
  3075 | D:5      | Entered Level 5 of the Dungeon
  3326 | D:5      | Reached XP level 7. HP: 50/52 MP: 7/7
  3450 | D:5      | Noticed Prince Ribbit
  3458 | D:5      | Killed Prince Ribbit
  3459 | D:5      | Reached skill level 3 in Axes
  3577 | D:5      | Found a shimmering altar of Xom.
  3577 | D:5      | Found a radiant altar of Vehumet.
  3577 | D:5      | Found a snail-covered altar of Cheibriados.
  3577 | D:5      | Noticed a troll
  3578 | D:5      | Found a shadowy altar of Dithmenos.
  3578 | D:5      | Found a burning altar of Makhleb.
  3596 | D:5      | Killed a troll
  3602 | D:5      | Reached skill level 4 in Axes
  3602 | D:5      | Reached XP level 8. HP: 45/58 MP: 8/8
  3648 | D:5      | Found a blossoming altar of Fedhas.
  3648 | D:5      | Found an ornate altar of the Wu Jian Council.
  3649 | D:5      | Found an ancient bone altar of Kikubaaqudgha.
  3977 | D:5      | Found a shimmering blue altar of Sif Muna.
  4135 | D:5      | Reached skill level 5 in Ranged Weapons
  4268 | D:6      | Found a sand-covered staircase.
  4274 | Ossuary  | Entered an ossuary
  4607 | D:6      | Reached skill level 5 in Axes
  4837 | D:6      | Reached XP level 9. HP: 50/65 MP: 9/9
  5279 | D:7      | Found a broken altar of Ashenzari.
  5294 | D:7      | Found a flagged portal.
  5303 | Bailey   | Entered a bailey
  5308 | Bailey   | Noticed an orc warlord
  5362 | Bailey   | Reached skill level 6 in Axes
  5403 | Bailey   | Reached skill level 5 in Shields
  5420 | Bailey   | Found a runed translucent gate.
  5422 | Bailey   | Found a runed translucent gate.
  5424 | Bailey   | Found a runed translucent gate.
  5443 | Bailey   | Reached skill level 1 in Throwing
  5627 | Bailey   | Killed an orc warlord
  5628 | Bailey   | Reached skill level 1 in Evocations
  5772 | Bailey   | Identified the ring "Qasoq" {rN+ AC+4 Dex+5}
  6093 | D:7      | Reached skill level 5 in Fighting
  6094 | D:7      | Reached XP level 10. HP: 74/74 MP: 10/10
  6812 | D:8      | Reached skill level 7 in Axes
  7021 | D:8      | Found a transporter.
  7048 | D:8      | Found a staircase to the Lair.
  7337 | D:8      | Noticed a two-headed ogre
  7346 | D:8      | Killed a two-headed ogre
  7347 | D:8      | Reached skill level 5 in Armour
  7383 | D:8      | Noticed Erica
  7395 | D:8      | Killed Erica
  7396 | D:8      | Reached skill level 5 in Dodging
  7618 | D:8      | Found a viscous altar of Jiyva.
  7618 | D:8      | Found a transporter.
  7618 | D:8      | Noticed a glowing orange brain
  7676 | D:8      | Noticed Joseph
  7689 | D:8      | Killed Joseph
  7750 | D:8      | Reached skill level 8 in Axes
  7750 | D:8      | Killed a glowing orange brain
  7760 | D:8      | Became a worshipper of Jiyva Jaochigg the Shapeless
  8126 | D:8      | Found a sparkling altar of Nemelex Xobeh.
  8130 | D:8      | Found an opulent altar of Gozag.
  8484 | D:9      | Noticed a two-headed ogre
  8494 | D:9      | Killed a two-headed ogre
  8495 | D:9      | Gained mutation: You are mostly covered in sharp spines.
                  | [demonic ancestry]
  8495 | D:9      | Reached XP level 11. HP: 81/81 MP: 11/11
  8601 | D:9      | Noticed Maggie
  8609 | D:9      | Killed Maggie
  8697 | D:9      | Reached * piety under Jiyva
  8746 | D:9      | Noticed a two-headed ogre
  8753 | D:9      | Killed a two-headed ogre
  8869 | D:9      | Found a staircase to the Orcish Mines.
  8889 | D:9      | Reached skill level 9 in Axes
  9085 | D:9      | Reached ** piety under Jiyva
  9486 | Orc:1    | Entered Level 1 of the Orcish Mines
  9733 | Orc:2    | Entered Level 2 of the Orcish Mines
  9733 | Orc:2    | Found Jeng's Distillery.
  9750 | Orc:2    | Bought a potion of curing for 51 gold pieces
  9750 | Orc:2    | Bought a potion of curing for 51 gold pieces
  9783 | Orc:2    | Noticed Erolcha
  9795 | Orc:2    | Noticed a two-headed ogre
  9799 | Abyss:2  | Cast into level 2 of the Abyss (Erolcha)
  9851 | Abyss:2  | Found a corrupted altar of Lugonu.
  9859 | Abyss:2  | Noticed a wretched star
  9894 | Abyss:2  | Killed a wretched star
  9909 | Abyss:2  | Noticed a starcursed mass
  9925 | Abyss:2  | Found a corrupted altar of Lugonu.
  9934 | Abyss:2  | Found a corrupted altar of Lugonu.
  9943 | Abyss:2  | Noticed a reaper
  9963 | Abyss:3  | Noticed a revenant
  9974 | Abyss:3  | Noticed a spectral dire elephant
  9975 | Abyss:3  | Noticed a spectral titan
  9978 | Abyss:3  | Mangled by a spectral titan

Illustrated notes

Levels and vault maps discovered:
D:1:      lightli_molten_gateway, layout_basic
D:2:      layout_basic, basic_ecumenical_altar, basic_altar, minmay_distorted
D:3:      layout_basic
D:4:      layout_rooms, minmay_temple_entry_glassed_door, hex_intersection,
          uniq_robin, uniq_eustachio
D:5:      layout_basic, led_sif_book, grunt_temple_overflow_open,
          grunt_decor_resistance, chequers_serial_rivers_micro_b, minivault_19,
          serial_bayou_pond_e, grunt_tough_drop, uniq_prince_ribbit1
D:6:      layout_basic, nicolae_ossuary_entry_giza
D:7:      layout_basic, ashenzari_altar_1, enter_bailey_1, serial_rivers,
          chequers_serial_rivers_micro_d, chequers_serial_rivers_marsh,
          chequers_serial_rivers_large_a, chequers_serial_rivers_small_3,
          chequers_serial_rivers_small_b, minivault_14
D:8:      gammafunk_jiyva_shrine, layout_basic, grunt_temple_overflow_opulence,
          uniq_joseph, uniq_erica
D:9:      layout_basic, minmay_orc_entry_guard_dogs, nicolae_eternal_life,
          uniq_maggie
Temple:   cyrus_temple_forest
Orc:1:    layout_caves, serial_shops, shop, enter_volcano_2, basic_altar
Orc:2:    st_orc_town, layout_caves, serial_shops, nicolae_lakefront_shop, shop,
          nicolae_shop_stone, david_defended_altar_orc, uniq_saint_roka,
          uniq_azrael, uniq_erolcha
Abyss:3:  base: Volcano, spicy_abyss_pitcher_plant

Skill      XL: |  1  2  3  4  5  6  7  8  9 10 11 |
---------------+----------------------------------+-----
Ranged Weapons | 4 5 |  5.6
Dodging        | 2 3 4 5 |  5.7
Armour         | 1 2 3 4 5 |  5.7
Axes           | 1 2 4 5 6 8 9 |  9.2
Stealth        | 1 |  1.6
Shields        | 1 2 3 4 5 6 |  6.6
Fighting       | 3 4 5 6 |  6.3
Throwing       | 1 2 3 |  3.4
Evocations     | 1 3 |  3.6

Action                     |  1- 3 |  4- 6 |  7- 9 | 10-12 || total
---------------------------+-------+-------+-------+-------++-------
  Melee: Hand axe          |     4 |    84 |   214 |       ||   302
         Broad axe         |       |       |    10 |   198 ||   208
   Fire: Shortbow          |   122 |       |    33 |       ||   155
  Throw: Boomerang         |       |       |    18 |    28 ||    46
    Use: Scroll            |       |     6 |     6 |     6 ||    18
         Potion            |       |       |     3 |     3 ||     6
   Stab: Sleeping          |       |     2 |     1 |       ||     3
         Distracted        |       |       |     1 |       ||     1
 Armour: Leather armour    |    15 |     7 |       |       ||    22
         Scale mail        |       |     6 |    43 |       ||    49
         Ring mail         |       |       |     1 |    58 ||    59
  Dodge: Dodged            |    53 |    59 |   216 |   153 ||   481
  Block: Kite shield       |       |    71 |   227 |   132 ||   430

Table legend: (Time is in decaauts)
 A = Elapsed time spent in this place.
 B = Non-inter-level travel time spent in this place.
 C = Inter-level travel time spent in this place.
 D = Time resting spent in this place.
 E = Time spent auto-exploring this place.
 F = Levels seen in this place.
 G = Mean time per level.
                   A        B        C        D        E       F      G
               +--------+--------+--------+--------+--------+-----+--------+
         Total |  10393 |   9834 |    559 |      0 |   7382 |  16 |  649.6 |
       Dungeon |   8866 |   8346 |    520 |      0 |   6661 |   9 |  985.1 |
        Temple |    124 |     85 |     39 |      0 |     38 |   1 |  124.0 |
  Orcish Mines |    320 |    320 |      0 |      0 |    228 |   2 |  160.0 |
         Abyss |    200 |    200 |      0 |      0 |     62 |   2 |  100.0 |
       Ossuary |    285 |    285 |      0 |      0 |     83 |   1 |  285.0 |
        Bailey |    596 |    596 |      0 |      0 |    309 |   1 |  596.0 |
               +--------+--------+--------+--------+--------+-----+--------+

Top non-repeatable levels by time:
     D:8: 1497 daAuts
     D:7: 1188 daAuts
     D:5: 1174 daAuts
     D:9: 1058 daAuts
     D:1: 1044 daAuts
     D:6: 896 daAuts
     D:4: 764 daAuts
     D:3: 656 daAuts
  Bailey: 596 daAuts
     D:2: 584 daAuts
 Ossuary: 285 daAuts
   Orc:1: 250 daAuts
 Abyss:2: 181 daAuts
  Temple: 124 daAuts
   Orc:2: 70 daAuts
